 Dungeon Crawl Stone Soup version 0.19-a0-78-g674c7a4 (webtiles) character file.

162 Lugonue the Slasher (level 5, -1/40 HPs)
             Began as a Demonspawn Gladiator on May 13, 2016.
             Slain by a gnoll
             ... wielding a +0 halberd
              (4 damage)
             ... on level 3 of the Dungeon.
             The game lasted 00:10:15 (2315 turns).

Lugonue the Slasher (Demonspawn Gladiator)          Turns: 2315, Time: 00:10:16

Health: -1/40      AC:  6    Str: 15    XL:     5   Next: 19%
Magic:  5/5        EV: 13    Int: 10    God:
Gold:   117        SH:  0    Dex: 14    Spells: 0 memorised, 4 levels left

rFire  . . .     SeeInvis .     a - +2 long sword
rCold  . . .     Gourm    .     b - +0 leather armour
rNeg   . . .     Faith    .     (no shield)
rPois  .         Spirit   .     c - +0 helmet
rElec  .         Dismiss  .     (no cloak)
rCorr  .         Reflect  .     (no gloves)
SustAt .         Harm     .     (no boots)
MR     .....                    (no amulet)
Stlth  +.........               (no ring)
                                (no ring)

@: not resistant to hostile enchantments, very unstealthy
A: rugged brown scales 2, demonic guardian 1
a: no special abilities


You were on level 3 of the Dungeon.
You were not hungry.

You visited 1 branch of the dungeon, and saw 3 of its levels.

You collected 117 gold pieces.

Inventory:

Hand Weapons
 a - a +2 long sword (weapon)
Missiles
 d - 2 throwing nets (quivered)
Armour
 b - a +0 leather armour (worn)
 c - a +0 helmet (worn)
 g - a cursed +0 ring mail
Scrolls
 j - a scroll of teleportation
Potions
 e - a potion of agility {unknown}
 h - a potion of might
 i - 2 potions of magic
 k - a potion of berserk rage {unknown}
 n - a potion of mutation {unknown}
 o - a potion of resistance {unknown}
Books
 r - an Akashic Record

   Spells                             Type                      Level
   a - Dispersal                      Translocation                6
   b - Malign Gateway                 Summoning/Translocation      7
   c - Disjunction                    Translocation                8
   d - Controlled Blink               Translocation                8
Comestibles
 f - 3 bread rations
 s - a meat ration


   Skills:
 + Level 2.6 Fighting
 * Level 4.1 Long Blades
 + Level 2.0 Throwing
 + Level 1.0 Armour
 + Level 3.6 Dodging
 + Level 0.2 Stealth


You had 4 spell levels left.
You didn't know any spells.

Dungeon Overview and Level Annotations

Branches:
Dungeon (3/15)

Altars:
Cheibriados


Innate Abilities, Weirdness & Mutations

You are mostly covered in rugged brown scales (AC +2, +5% HP).
A weak demonic guardian rushes to your aid.


Message History

You slash the ooze!
You kill the ooze!
The gnoll barely misses you.
Things that are here:
a short sword; an orc skeleton The gnoll barely misses you.
The gnoll misses you.
You slash the gnoll!
The gnoll is severely wounded.
The gnoll hits you with a halberd!
* * * LOW HITPOINT WARNING * * *
You are too injured to fight recklessly!
You barely miss the gnoll.
The gnoll is severely wounded.
The gnoll hits you with a halberd!
* * * LOW HITPOINT WARNING * * *
You barely miss the gnoll.
The gnoll is severely wounded.
The gnoll hits you with a halberd.
You die...

#.......#
#######....<.[#
#.............#
#.............#
#.............#
#.............#
#.....÷.......#
##..#.#÷......#
####.#..#..)@...#
#.)..#.####g#####
#####.####.# #w#
......# #..# #.#
#....####..####)#
#.##............#
...........#..†.#
.g..>..#..##..###
...((.....#..)#


You could see a worm and a gnoll.

Vanquished Creatures
  Ijyb (D:2)
  3 gnolls
  3 adders (D:2)
  An ooze (D:3)
  4 worms (D:3)
  A dart slug (D:1)
  2 giant geckos (D:2)
  4 orcs (D:3)
  2 giant cockroaches
  4 goblins
  6 hobgoblins
  4 jackals (D:2)
  6 kobolds
  A quokka (D:2)
  2 ball pythons
  6 bats
  4 giant newts
  6 rats
60 creatures vanquished.

Vanquished Creatures (collateral kills)
  2 jackals (D:3)
2 creatures vanquished.

Vanquished Creatures (others)
  A bat (D:3)
1 creature vanquished.

Grand Total: 63 creatures vanquished

Notes
Turn   | Place    | Note
--------------------------------------------------------------
     0 | D:1      | Lugonue the Demonspawn Gladiator began the quest for the Orb.
     0 | D:1      | Reached XP level 1. HP: 16/16 MP: 1/1
   274 | D:1      | Reached skill level 3 in Long Blades
   274 | D:1      | Gained mutation: You are partially covered in rugged brown scales (AC +1, +3% HP). [demonic ancestry]
   274 | D:1      | Reached XP level 2. HP: 16/22 MP: 2/2
   866 | D:2      | Found a snail-covered altar of Cheibriados.
   960 | D:2      | Gained mutation: You are mostly covered in rugged brown scales (AC +2, +5% HP). [demonic ancestry]
   960 | D:2      | Reached XP level 3. HP: 20/28 MP: 3/3
  1039 | D:2      | Noticed Ijyb
  1058 | D:2      | Killed Ijyb
  1059 | D:2      | Gained mutation: A weak demonic guardian rushes to your aid. [demonic ancestry]
  1059 | D:2      | Reached XP level 4. HP: 14/34 MP: 4/4
  2038 | D:3      | Reached skill level 4 in Long Blades
  2282 | D:3      | Reached skill level 1 in Armour
  2282 | D:3      | Reached XP level 5. HP: 27/40 MP: 5/5
  2315 | D:3      | Slain by a gnoll

Vault maps used:
D:1:      dpeg_arrival_erosion, kennysheep_another_room, hex_tiny
D:2:      cheibriados_altar_1, uniq_iyjb
D:3:      first_bread

Skill      XL: |  1  2  3  4 |
---------------+-------------+-----
Long Blades    | 3 4 |  4.1
Dodging        | 3 |  3.6
Throwing       | 2 |  2.0
Armour         | 1 |  1.0
Fighting       | |  2.6
Stealth        | |  0.2

Action                   |  1- 3 |  4- 6 || total
-------------------------+-------+-------++-------
Melee: Long sword        |    93 |   106 ||   199
Throw: Throwing net      |       |     3 ||     3
  Use: Scroll            |     5 |     5 ||    10
  Eat: Fruit             |       |     2 ||     2
       Chunk             |       |     2 ||     2
       Beef jerky        |       |     1 ||     1
Armor: Leather armour    |    33 |    35 ||    68
Dodge: Dodged            |    77 |    93 ||   170
